[Event "*** Titled Tuesday Blitz"]
[Site "Chess.com"]
[Date "2020.03.03"]
[Round "1"]
[White "gena217"]
[Black "JoakimVonAnd"]
[Result "1-0"]
[WhiteElo "3024"]
[BlackElo "2518"]
[TimeControl "180+1"]
[EndTime "13:00:54 PST"]
[Termination "gena217 won by checkmate"]

1. e4 c6 2. d4 d5 3. Nc3 dxe4 4. Nxe4 Bf5 5. Ng3 Bg6 6. h4 h6 7. Nf3 Nf6 8. Ne5 Bh7 9. Bc4 e6 10. Qe2 Nbd7 11. Nxf7 Kxf7 12. Qxe6+ Kg6 13. Bd3# 1-0

[Event "*** Titled Tuesday Blitz"]
[Site "Chess.com"]
[Date "2020.03.03"]
[Round "1"]
[White "ChessicallyInclined"]
[Black "Fandorine"]
[Result "0-1"]
[WhiteElo "2481"]
[BlackElo "2897"]
[TimeControl "180+1"]
[EndTime "13:02:34 PST"]
[Termination "Fandorine won by resignation"]

1. d4 Nf6 2. c4 g6 3. Nc3 Bg7 4.
e4 d6 5. f3 O-O 6. Be3 a6 7.
Nge2 b5 8. cxb5 axb5 9. Nxb5 c6 10. Nbc3 Nbd7 11. Ng3 h5 12. Be2 h4 13. Nf1 e5 14.
dxe5 Nxe5 15. Nd2 d5 16. exd5 Nxd5 17. Nxd5 cxd5 18. Nb3 h3 19. g3 Nc4 20. Bd4 Nxb2 21. Qd2 Nc4 22. Bd3 0-1

[Event "*** Titled Tuesday Blitz"]
[Site "Chess.com"]
[Date "2020.03.03"]
[Round "1"]
[White "Chessy222222"]
[Black "LawrenceTrent"]
[Result "0-1"]
[WhiteElo "2185"]
[BlackElo "2598"]
[TimeControl "180+1"]
[EndTime "13:02:49 PST"]
[Termination "LawrenceTrent won by resignation"]

1. e4 c5 2. Nf3 Nc6 3. Bb5 g6 4.
O-O Bg7 5. Re1 Nf6 6. e5 Nd5 7.
Nc3 Nc7 8. Bxc6 dxc6 9. Ne4 b6 10. Nf6+ Kf8 11. Ne4 h6 12. d3 Bg4 13. h3 Bxf3 14. Qxf3 Ne6 15. Nc3 Qd7 16. Qe3 Kg8 17. f4 Nd4 18.
Qf2 h5 19. g3 Qxh3 20. Be3 Nf5 21. Ne2 h4 0-1

[Event "*** Titled Tuesday Blitz"]
[Site "Chess.com"]
[Date "2020.03.03"]
[Round "1"]
[White "Sven_Tica"]
[Black "semchik73"]
[Result "1-0"]
[WhiteElo "2666"]
[BlackElo "2317"]
[TimeControl "180+1"]
[EndTime "13:02:54 PST"]
[Termination "Sven_Tica won by resignation"]

1. d4 d5 2. c4 c6 3. Nf3 Nf6 4. Qc2 g6 5. e3 Bf5 6. Bd3 Bxd3 7.
Qxd3 Bg7 8. O-O O-O 9. Nc3 dxc4 10. Qxc4 Nbd7 11. Rd1 Qc7 12. e4 e5 13. d5 Nb6 14.
Qc5 Rac8 15. dxc6 Qxc6 16. Qxc6 Rxc6 17. Nxe5 Re6 18. f4 Ne8 19. Nd7 Nxd7 20. Rxd7 Bxc3 21. bxc3 Rxe4 22. Ba3 Rxf4 23. Bxf8 Kxf8 24. Re1 Nf6 25. Rxb7 Ne4 26. Rxa7 Nxc3 27. Ra8+ Kg7 28. a3 Rd4 29. h4 Ne4 30. a4 Nf6 31. a5 Ng4 32. a6 Ra4 33. a7 h5 34. Rb1 Kh6 35. Rh8+ Kg7 36. a8=Q Rxa8 37. Rxa8 1-0

[Event "*** Titled Tuesday Blitz"]
[Site "Chess.com"]
[Date "2020.03.03"]
[Round "1"]
[White "Marcus_Harvey"]
[Black "Danfii"]
[Result "1-0"]
[WhiteElo "2755"]
[BlackElo "2403"]
[TimeControl "180+1"]
[EndTime "13:02:56 PST"]
[Termination "Marcus_Harvey won by resignation"]

1. Nf3 d5 2. b3 Nf6 3. Bb2 e6 4. e3 Be7 5. c4 O-O 6. Nc3 b6 7. Be2 Bb7 8. O-O c5 9. cxd5 Nxd5 10. Rc1 Nxc3 11. Bxc3 Bf6 12. Qc2 Nc6 13. Rfd1 Bxc3 14. Qxc3 Qf6 15. d4 cxd4 16. Nxd4 Nxd4 17. Qxd4 Qxd4 18. Rxd4 Rac8 19. Rxc8 Rxc8 20. Rd7 Rc1+ 21. Bf1 1-0

[Event "*** Titled Tuesday Blitz"]
[Site "Chess.com"]
[Date "2020.03.03"]
[Round "1"]
[White "almaguerjm"]
[Black "Incognito_Knight"]
[Result "0-1"]
[WhiteElo "2316"]
[BlackElo "2660"]
[TimeControl "180+1"]
[EndTime "13:03:13 PST"]
[Termination "Incognito_Knight won by resignation"]

1. d4 d5 2. Nc3 Nf6 3. Bf4 a6 4. e3 e6 5. Bd3 b5 6. Nge2 Bb7 7. Qd2 c5 8. dxc5 Bxc5 9. O-O-O Nbd7 10. g4 Nb6 11. g5 Nfd7 12. h4 e5 13. h5 b4 14.
Nb1 exf4 15. exf4 Qc7 16. h6 g6 17. f5 O-O-O 18. fxg6 fxg6 19. Rh4 Rhe8 20. c3 Bxf2 21. Kc2 Bxh4 0-1

[Event "*** Titled Tuesday Blitz"]
[Site "Chess.com"]
[Date "2020.03.03"]
[Round "1"]
[White "MITerryble"]
[Black "Entilza"]
[Result "1-0"]
[WhiteElo "2917"]
[BlackElo "2489"]
[TimeControl "180+1"]
[EndTime "13:03:15 PST"]
[Termination "MITerryble won by resignation"]

1. d4 Nf6 2. Bg5 e6 3. e4 h6 4.
Bxf6 Qxf6 5. c3 c5 6. Nf3 g5 7. e5 Qe7 8. Nbd2 d5 9. exd6 Qxd6 10. Ne4 Qc7 11. Bb5+ Bd7 12. Nf6+ Ke7 13. Nxd7 Nxd7 14. O-O Bg7 15. d5 exd5 16. Qxd5 Nf6 17. Qf5 Rhd8 18.
Bc4 Kf8 19. Ne5 Qc8 20. Qf3 a6 21. Nxf7 Rd7 22. Be6 1-0

[Event "*** Titled Tuesday Blitz"]
[Site "Chess.com"]
[Date "2020.03.03"]
[Round "1"]
[White "VALPARAISO37"]
[Black "Art_Vandelay1980"]
[Result "0-1"]
[WhiteElo "2410"]
[BlackElo "2764"]
[TimeControl "180+1"]
[EndTime "13:03:26 PST"]
[Termination "Art_Vandelay1980 won by checkmate"]

1. d4 d5 2. c4 dxc4 3. e3 e5 4. Bxc4 exd4 5. exd4 Bd6 6. Nf3 Nf6 7. h3 O-O 8. O-O h6 9. Qc2 Nc6 10. a3 Be6 11.
Bxe6 fxe6 12. Re1 Nd5 13. Bxh6 Rxf3 14. gxf3 Qf6 15. Be3 Qxf3 16. Qg6 Qxh3 17. Nd2 Bh2+ 18. Kh1 Nxe3 19. fxe3 Bg3+ 20. Kg1 Qh2+ 21. Kf1 Qf2# 0-1

[Event "*** Titled Tuesday Blitz"]
[Site "Chess.com"]
[Date "2020.03.03"]
[Round "1"]
[White "RestartingChess"]
[Black "Fighterman91"]
[Result "0-1"]
[WhiteElo "2387"]
[BlackElo "2737"]
[TimeControl "180+1"]
[EndTime "13:03:33 PST"]
[Termination "Fighterman91 won by resignation"]

1. e4 c5 2. Nf3 Nc6 3. b3 Nf6 4. e5 Nd5 5. Bb2 d6 6. Bc4 Nb6 7. Bb5 d5 8. d4 e6 9. O-O Bd7 10. c4 cxd4 11. cxd5 Nxd5 12. Bxc6 Bxc6 13. Nxd4 Bd7 14.
Nd2 Be7 15. Ne4 O-O 16. Rc1 Rc8 17. Qf3 Qa5 18. a4 Rxc1 19. Rxc1 Rc8 20. Rxc8+ Bxc8 21. h3 Qe1+ 22. Kh2 Bd7 23. Nd6 Qxe5+ 24. g3 Qxd6 25. Nb5 Bxb5 26. axb5 Bf6 27. Bxf6 gxf6 28. Qg4+ Kf8 29.
Qh5 Qc5 30. Kg2 Nf4+ 0-1

[Event "*** Titled Tuesday Blitz"]
[Site "Chess.com"]
[Date "2020.03.03"]
[Round "1"]
[White "reigningmvp"]
[Black "EugeneRougon"]
[Result "0-1"]
[WhiteElo "2330"]
[BlackElo "2692"]
[TimeControl "180+1"]
[EndTime "13:03:52 PST"]
[Termination "EugeneRougon won by resignation"]

1. e4 e6 2. d3 d5 3. Nd2 c5 4. Ngf3 Nc6 5. g3 Nf6 6. Bg2 g6 7. O-O Bg7 8. c3 O-O 9. e5 Nd7 10. d4 b6 11. Re1 a5 12. a4 Ba6 13. Nb1 h6 14. Na3 f6 15. exf6 Qxf6 16. Be3 g5 17. h3 Rad8 18. Nb5 Bb7 19. Nd6 Ba8 20. Qd3 e5 21. dxe5 Ncxe5 22. Nxe5 Nxe5 23. Bxd5+ Bxd5 24. Qxd5+ Kh8 25. Rad1 Nf3+ 0-1

[Event "*** Titled Tuesday Blitz"]
[Site "Chess.com"]
[Date "2020.03.03"]
[Round "1"]
[White "SubrotaBiswas"]
[Black "platy3"]
[Result "0-1"]
[WhiteElo "2472"]
[BlackElo "2852"]
[TimeControl "180+1"]
[EndTime "13:03:55 PST"]
[Termination "platy3 won by resignation"]

1. e4 e5 2. Nf3 Nc6 3. d4 exd4 4. Nxd4 Qf6 5. Nxc6 Bc5 6. Qf3 Qxf3 7. gxf3 dxc6 8.
Be3 Bxe3 9. fxe3 Ne7 10. Nd2 f5 11. e5 Be6 12. Bc4 Bxc4 13. Nxc4 Kf7 14. Rd1 Ke6 15. f4 b6 16. Ke2 a5 17. Nd2 c5 18. Nf3 h6 19.
Rhg1 g6 20. h4 Rhg8 21. Rh1 a4 22. Rd2 a3 23. b3 Nd5 24. h5 Nc3+ 25. Kf2 Ne4+ 26.
Ke2 Ng3+ 27. Kf2 Nxh1+ 28. Kg2 gxh5+ 29. Kxh1 Rad8 30. Re2 Rg3 31. Rf2 Rd1+ 32. Kh2 Rg4 33. c4 Rb1 34. Kh3 Rb2 35. Rf1 Rxa2 36. Rd1 Rb2 37. Rd8 Rxb3 38. Re8+ Kd7 0-1

[Event "*** Titled Tuesday Blitz"]
[Site "Chess.com"]
[Date "2020.03.03"]
[Round "1"]
[White "ChessBitl"]
[Black "Lovkov_Roman"]
[Result "0-1"]
[WhiteElo "2328"]
[BlackElo "2689"]
[TimeControl "180+1"]
[EndTime "13:04:08 PST"]
[Termination "Lovkov_Roman won by checkmate"]

1. e4 c6 2. d4 d5 3. Nd2 dxe4 4. Nxe4 Nf6 5. Nxf6+ exf6 6. Bc4 Bd6 7. Qh5 O-O 8.
Ne2 Be6 9. Bd3 g6 10. Qf3 Re8 11. c4 f5 12. Be3 Na6 13. O-O-O Nb4 14. Bb1 Bxc4 15. a3 Nd5 16. Nf4 Qa5 17. h4 Bxa3 18. Nxd5 Bxd5 19. Qe2 Qc3+ 20. Bc2 Qxb2+ 21. Kd2 Bb4+ 22.
Kd3 Qc3# 0-1

[Event "*** Titled Tuesday Blitz"]
[Site "Chess.com"]
[Date "2020.03.03"]
[Round "1"]
[White "Zq1"]
[Black "arjwezhrtdrz"]
[Result "1-0"]
[WhiteElo "2575"]
[BlackElo "2122"]
[TimeControl "180+1"]
[EndTime "13:04:36 PST"]
[Termination "Zq1 won by resignation"]

1. d4 d6 2. Nf3 c6 3. c4 Nf6 4. Nc3 Bg4 5. g3 Nbd7 6. Bg2 e5 7. Be3 Be7 8. h3 Bxf3 9. Bxf3 Qc7 10. O-O O-O 11. Qb3 exd4 12. Bxd4 Nc5 13. Qc2 a5 14.
Rad1 Rad8 15. Bg2 Rfe8 16. e4 Nfd7 17. b3 Bf6 18. Bxf6 Nxf6 19. Rfe1 Re7 20. a3 Rde8 21.
b4 axb4 22. axb4 Na6 23. Qb2 Qb6 24. Rxd6 Nxb4 25. Rb1 Qc7 26. Qxb4 c5 27. Qb6 1-0

[Event "*** Titled Tuesday Blitz"]
[Site "Chess.com"]
[Date "2020.03.03"]
[Round "1"]
[White "LarissaSteenbekkers"]
[Black "enriquetejedor"]
[Result "0-1"]
[WhiteElo "1858"]
[BlackElo "2542"]
[TimeControl "180+1"]
[EndTime "13:04:36 PST"]
[Termination "enriquetejedor won by resignation"]

1. e4 Nc6 2. Nf3 d6 3. Be2 Nf6 4. Nc3 Bg4 5. d4 e6 6. O-O Be7 7. d5 exd5 8. exd5 Bxf3 9. Bxf3 Ne5 10. Be2 O-O 11. f4 Ned7 12. Bd3 Nc5 13. Kh1 Re8 14. Be3 Nfd7 15. Bd4 Bf6 16. Bxf6 Qxf6 17. Qd2 Re7 18. Rae1 Rae8 19. g3 a6 20. Rxe7 Qxe7 21.
Rf2 Qe1+ 22. Qxe1 Rxe1+ 23. Rf1 Nxd3 0-1

[Event "*** Titled Tuesday Blitz"]
[Site "Chess.com"]
[Date "2020.03.03"]
[Round "1"]
[White "WiniVidiVici"]
[Black "RU_B9"]
[Result "1-0"]
[WhiteElo "2540"]
[BlackElo "1773"]
[TimeControl "180+1"]
[EndTime "13:04:46 PST"]
[Termination "WiniVidiVici won by resignation"]

1. e4 c5 2. Nf3 Nc6 3. Bb5 g6 4.
Bxc6 dxc6 5. d3 Bg7 6. O-O Qc7 7. Nc3 e5 8. a3 Nf6 9. Be3 b6 10. h3 O-O 11. Qd2 Rd8 12. Bh6 c4 13. Bxg7 Kxg7 14. Rfd1 Ba6 15. d4 exd4 16. Nxd4 c5 17. Nf5+ gxf5 18.
Qg5+ Kf8 19. Qxf6 Bb7 20. exf5 Rxd1+ 21. Rxd1 Qc6 22. Qh8+ Ke7 23. Qe5+ Kf8 24. Nd5 1-0

[Event "*** Titled Tuesday Blitz"]
[Site "Chess.com"]
[Date "2020.03.03"]
[Round "1"]
[White "albi1999"]
[Black "mohssenbinaddi"]
[Result "1-0"]
[WhiteElo "2593"]
[BlackElo "2176"]
[TimeControl "180+1"]
[EndTime "13:04:47 PST"]
[Termination "albi1999 won by resignation"]

1. d4 Nf6 2. c4 g6 3. g3 d5 4. cxd5 Qxd5 5. Nf3 Nc6 6. Nc3 Qh5 7. d5 Ne5 8. Bg2 Nxf3+ 9. Bxf3 Bg4 10. Qa4+ Bd7 11. Qb3 Qh3 12. Qxb7 Rc8 13. Nb5 Bg7 14. Nxc7+ Rxc7 15. Qxc7 O-O 16. Qf4 Ng4 17. Qg5 Bf6 18. Qd2 Ne5 19. Be4 Rc8 20. Qh6 Qg4 21. f3 1-0

[Event "*** Titled Tuesday Blitz"]
[Site "Chess.com"]
[Date "2020.03.03"]
[Round "1"]
[White "Chessalary"]
[Black "MartinCerveny"]
[Result "1-0"]
[WhiteElo "2261"]
[BlackElo "2606"]
[TimeControl "180+1"]
[EndTime "13:04:51 PST"]
[Termination "Chessalary won by resignation"]

1. e4 c5 2. Nf3 d6 3. d4 cxd4 4. Nxd4 Nf6 5. Nc3 a6 6. Bc4 e6 7. Bb3 Nbd7 8. Be3 Nc5 9. g4 Nfxe4 10. Nxe4 Nxe4 11. Qf3 d5 12. O-O-O Bd7 13. Kb1 Qf6 14. Qg2 Rc8 15. c3 Bc5 16. h4 h5 17. f3 Nd6 18.
Bg5 Qe5 19. Rhe1 Bxd4 20. cxd4 Qxe1 21. Rxe1 Bc6 22. Bf4 Nc4 23. gxh5 Rxh5 24. Qxg7 Rf5 25. Bg5 Rxf3 26. Rxe6+ Kd7 27. Re7+ Kd6 28. Bxc4 Rf5 29. Qh6+ f6 30. Bxf6 dxc4 31. Bg5+ Kd5 32. Qe6+ Kxd4 33. Qxf5 1-0

[Event "*** Titled Tuesday Blitz"]
[Site "Chess.com"]
[Date "2020.03.03"]
[Round "1"]
[White "newauto"]
[Black "marcodobrikov"]
[Result "0-1"]
[WhiteElo "2015"]
[BlackElo "2556"]
[TimeControl "180+1"]
[EndTime "13:05:05 PST"]
[Termination "marcodobrikov won on time"]

1. e4 c5 2. Nf3 d6 3. Bb5+ Nd7 4. O-O a6 5. Be2 Ngf6 6. d3 b5 7. c3 Bb7 8. Bg5 e6 9. Re1 Be7 10. Nbd2 O-O 11. Nf1 Qc7 12. Ng3 d5 13. exd5 Nxd5 14. Bxe7 Nxe7 15. d4 Nd5 16. Bf1 Nf4 17. Ne5 Nxe5 18. dxe5 Rad8 19. Qg4 Ng6 20. f4 Rd2 21. h4 Qc6 22. Ne4 Rxb2 23. h5 Ne7 24. Qg5 Nf5 25. Rad1 h6 26. Qg4 Rxa2 27. Re2 Rxe2 28. Bxe2 Qxe4 29. Bf3 Qe3+ 0-1

[Event "*** Titled Tuesday Blitz"]
[Site "Chess.com"]
[Date "2020.03.03"]
[Round "1"]
[White "Bongcloudtransvestit"]
[Black "kleinebeer98"]
[Result "0-1"]
[WhiteElo "2354"]
[BlackElo "2708"]
[TimeControl "180+1"]
[EndTime "13:05:08 PST"]
[Termination "kleinebeer98 won by resignation"]

1. d4 Nf6 2. c4 e6 3. g3 c5 4. Nf3 cxd4 5. Nxd4 Nc6 6. Bg2 Bc5 7. Nb3 Be7 8. O-O O-O 9. Nc3 d6 10. Bf4 a6 11.
Qc2 e5 12. Bg5 Be6 13. Bxf6 Bxf6 14. Nd5 Rc8 15. Qd2 Bg5 16. e3 Ne7 17. Rac1 Re8 18.
Rfd1 Bg4 19. f3 Be6 20. f4 Bh6 21. Nxe7+ Rxe7 22. c5 d5 23. Bxd5 Rd7 24. e4 exf4 25.
gxf4 Bxd5 26. exd5 Qh4 27. c6 bxc6 28. Qg2 Bxf4 29.
Rxc6 Rxc6 0-1

[Event "*** Titled Tuesday Blitz"]
[Site "Chess.com"]
[Date "2020.03.03"]
[Round "1"]
[White "ural58"]
[Black "Supernotar"]
[Result "0-1"]
[WhiteElo "2421"]
[BlackElo "2792"]
[TimeControl "180+1"]
[EndTime "13:05:09 PST"]
[Termination "Supernotar won by resignation"]

1. e4 c6 2. b3 d5 3. Qe2 dxe4 4.
Nc3 Nf6 5. Nxe4 Nxe4 6. Qxe4 Qd5 7. Qe3 Qe6 8. Bb2 Qxe3+ 9. fxe3 Nd7 10. Nf3 Nf6 11.
O-O-O g6 12. Bc4 Bg7 13. Ne5 O-O 14. a4 Ng4 15. Nxf7 Bxb2+ 16. Kxb2 Rxf7 17. Rdf1 e6 18. Rxf7 Kxf7 19. Rf1+ Ke7 20. h3 Ne5 21. Be2 Bd7 22. d4 Nf7 23. c4 Rf8 24. Kc3 Nd6 25. Rb1 a5 26. Bf3 Nf5 27. Kd3 Nh4 28. Be4 Rf2 29.
b4 axb4 30. Rxb4 Bc8 31. g3 Nf3 32. a5 Ne1+ 33. Kc3 Re2 34. Bh1 Rxe3+ 35. Kd2 Rxg3 36. a6 bxa6 37. Bxc6 Nf3+ 0-1

[Event "*** Titled Tuesday Blitz"]
[Site "Chess.com"]
[Date "2020.03.03"]
[Round "1"]
[White "Fy_Rakotomaharo"]
[Black "silverback96"]
[Result "0-1"]
[WhiteElo "2529"]
[BlackElo "2039"]
[TimeControl "180+1"]
[EndTime "13:05:11 PST"]
[Termination "silverback96 won by resignation"]

1. d4 Nf6 2. c4 c5 3. d5 e6 4. Nc3 exd5 5. cxd5 d6 6. e4 g6 7. Nge2 Bg7 8. Ng3 a6 9. a4 h5 10. Be2 h4 11. Nf1 O-O 12. Bg5 h3 13. g3 Qe8 14.
Nd2 Nbd7 15. O-O Rb8 16. Re1 Ne5 17. Bf1 b5 18. axb5 axb5 19. f4 Bg4 20. Qc2 Nh7 21. Bh4 g5 22. fxg5 Ng6 23. e5 Bxe5 24. Nde4 Bd4+ 25.
Nf2 Ne5 26. Rxe5 Qxe5 27. Qg6+ fxg6 0-1

[Event "*** Titled Tuesday Blitz"]
[Site "Chess.com"]
[Date "2020.03.03"]
[Round "1"]
[White "Manukyan_Artak"]
[Black "GM_dmitrij"]
[Result "0-1"]
[WhiteElo "2434"]
[BlackElo "2824"]
[TimeControl "180+1"]
[EndTime "13:05:12 PST"]
[Termination "GM_dmitrij won by resignation"]

1. e4 e5 2. Nf3 Nc6 3. d4 exd4 4. Nxd4 Nf6 5. Nxc6 bxc6 6. e5 Qe7 7. Qe2 Nd5 8. c4 Nb6 9. Nc3 Ba6 10. b3 O-O-O 11.
Bb2 Re8 12. f4 f6 13. O-O-O fxe5 14. fxe5 Qxe5 15. Qd2 Qe3 16. Bd3 Bb4 17. Qxe3 Rxe3 18.
Kd2 Rhe8 19. Rde1 Rxe1 20. Rxe1 Rxe1 21. Kxe1 d5 22. Bxh7 d4 23. Kd2 c5 24. Kd3 Bxc3 25.
Bxc3 dxc3 26. Kxc3 Bb7 27. g4 Kd8 28. h4 Ke7 29. g5 Bf3 30. b4 Kd6 31. Bc2 Bh5 32. a4 Nd7 33. a5 Ne5 34. b5 Bf7 35. Bd3 Nxd3 36. Kxd3 Ke5 0-1

[Event "*** Titled Tuesday Blitz"]
[Site "Chess.com"]
[Date "2020.03.03"]
[Round "1"]
[White "GMKrikor"]
[Black "superstructure"]
[Result "1-0"]
[WhiteElo "2823"]
[BlackElo "2434"]
[TimeControl "180+1"]
[EndTime "13:05:16 PST"]
[Termination "GMKrikor won by resignation"]

1. Nf3 Nf6 2. c4 b6 3. g3 c5 4. Bg2 Bb7 5. O-O e6 6. Nc3 a6 7. Re1 Be7 8. e4 d6 9. d4 cxd4 10. Nxd4 Qc7 11. Be3 O-O 12. Rc1 Nbd7 13. f4 h5 14. h3 Rfe8 15. f5 Bf8 16. fxe6 fxe6 17. Qe2 Ne5 18. b3 Qf7 19. Rf1 Qg6 20. Bf4 Nfd7 21.
Rcd1 Be7 22. Kh2 h4 23. Nf5 hxg3+ 24. Bxg3 exf5 25. exf5 Bxg2 26. fxg6 Bxf1 27. Rxf1 Bf6 28. Nd5 Nxg6 29. Qg4 Nde5 30. Nxf6+ gxf6 31. Bxe5 1-0

[Event "*** Titled Tuesday Blitz"]
[Site "Chess.com"]
[Date "2020.03.03"]
[Round "1"]
[White "MendozaDavid2000"]
[Black "HomayoonTofighi"]
[Result "0-1"]
[WhiteElo "2197"]
[BlackElo "2601"]
[TimeControl "180+1"]
[EndTime "13:05:17 PST"]
[Termination "HomayoonTofighi won on time"]

1. d4 e6 2. c4 Nf6 3. Nc3 Bb4 4. Qc2 d5 5. cxd5 exd5 6. Bg5 O-O 7. e3 c5 8. dxc5 h6 9. Bh4 Nbd7 10. a3 Bxc3+ 11.
Qxc3 g5 12. Bg3 Ne4 13. Qc2 Ndxc5 14. b4 Bf5 15. Qd1 Ne6 16. Bd3 d4 17. Qf3 dxe3 18. Bxe4 Nd4 19. Qxf5 Nxf5 20. Bxf5 Qf6 21. Rd1 exf2+ 22.
Bxf2 Qxf5 23. Nf3 Rfe8+ 24. Kf1 Rad8 25. Rxd8 Rxd8 0-1

[Event "*** Titled Tuesday Blitz"]
[Site "Chess.com"]
[Date "2020.03.03"]
[Round "1"]
[White "MasterKroket"]
[Black "mrkvoz"]
[Result "0-1"]
[WhiteElo "2432"]
[BlackElo "2812"]
[TimeControl "180+1"]
[EndTime "13:05:20 PST"]
[Termination "mrkvoz won on time"]

1. d4 d6 2. Nf3 g6 3. c4 Bg7 4. Nc3 Nf6 5. e4 O-O 6. Be2 Na6 7. Bg5 h6 8. Bh4 g5 9. Bg3 Nh5 10. O-O c5 11. d5 Nxg3 12. hxg3 e6 13. dxe6 Bxe6 14.
Nh2 Nb4 15. Ng4 Nc6 16. Ne3 a6 17. Bg4 Rb8 18. Bf5 Nd4 19. Ncd5 b5 20. cxb5 Rxb5 21. Qg4 Rxb2 22. Rab1 Rd2 23. Rb7 Nxf5 24. Nxf5 Kh7 0-1

[Event "*** Titled Tuesday Blitz"]
[Site "Chess.com"]
[Date "2020.03.03"]
[Round "1"]
[White "Imre91"]
[Black "gui_borba"]
[Result "1-0"]
[WhiteElo "2731"]
[BlackElo "2378"]
[TimeControl "180+1"]
[EndTime "13:05:23 PST"]
[Termination "Imre91 won by resignation"]

1. d4 Nf6 2. Nf3 g6 3. Bg5 Bg7 4. Nc3 d5 5. e3 O-O 6. Be2 c6 7. O-O Bf5 8. h3 Ne4 9. Nxe4 Bxe4 10. Nd2 Bf5 11. c4 Qd7 12. Nb3 b6 13. Rc1 Be6 14. Nd2 f6 15. Bh4 Bf7 16. b4 e5 17. dxe5 fxe5 18. a4 Be6 19. b5 d4 20. exd4 exd4 21. Bf3 a6 22. Re1 axb5 23. axb5 Kh8 24. c5 Bd5 25.
bxc6 Nxc6 26. Bxd5 Qxd5 27. cxb6 Rfb8 28. Qf3 Qxf3 29.
Nxf3 Rxb6 30. Re6 Rab8 31. Rcxc6 1-0

[Event "*** Titled Tuesday Blitz"]
[Site "Chess.com"]
[Date "2020.03.03"]
[Round "1"]
[White "Barcelona_Guy"]
[Black "mitraasz"]
[Result "1-0"]
[WhiteElo "2585"]
[BlackElo "2140"]
[TimeControl "180+1"]
[EndTime "13:05:23 PST"]
[Termination "Barcelona_Guy won by resignation"]

1. d4 Nf6 2. c4 g6 3. Nc3 Bg7 4. e4 d6 5. f3 O-O 6. Be3 Nc6 7. Qd2 a6 8. Nge2 Na5 9. Nc1 Nd7 10. Rb1 c5 11.
dxc5 dxc5 12. Nb3 Nxb3 13. axb3 Qb6 14. Nd5 Qd8 15. h4 e6 16. Nc3 Qb6 17. Bh6 Qxb3 18.
Bxg7 Kxg7 19. h5 Rh8 20. h6+ Kf8 21. Qd6+ Ke8 22. Be2 Nb6 23. Qe5 Rg8 24. Qg7 Rf8 25.
Qxh7 Nxc4 26. Qg7 Ne3 27. h7 Nxg2+ 28. Kf2 Nf4 29. Qxf8+ Kxf8 30. h8=Q+ Ke7 31. Qh4+ 1-0

[Event "*** Titled Tuesday Blitz"]
[Site "Chess.com"]
[Date "2020.03.03"]
[Round "1"]
[White "ChessPlayer202202"]
[Black "Bryakin_Mikhail"]
[Result "0-1"]
[WhiteElo "2304"]
[BlackElo "2652"]
[TimeControl "180+1"]
[EndTime "13:05:27 PST"]
[Termination "Bryakin_Mikhail won by resignation"]

1. e4 d5 2. exd5 Nf6 3. Bb5+ Nbd7 4. c4 a6 5. Ba4 b5 6. cxb5 Nxd5 7. Nc3 N5b6 8. Bc2 axb5 9. Nf3 b4 10. Ne2 g6 11.
O-O Bg7 12. d4 O-O 13. Re1 Bb7 14. Nf4 Nd5 15. Bb3 N7b6 16. Qe2 e6 17. Ne5 Nxf4 18. Bxf4 Nd5 19. Bg3 h5 20. h4 Bf6 21. Nxg6 fxg6 22. Qxe6+ Kg7 23. Rac1 Re8 24. Qxe8 Qxe8 25. Rxe8 Rxe8 26. Bxd5 Bxd5 27. Rxc7+ Re7 28. Rc5 Bxa2 29. Rb5 b3 30. d5 Bxb2 31. d6 Rd7 32. Rc5 Kf7 33. Rc7 Ke6 0-1

[Event "*** Titled Tuesday Blitz"]
[Site "Chess.com"]
[Date "2020.03.03"]
[Round "1"]
[White "Sordis"]
[Black "vlad_Sid"]
[Result "0-1"]
[WhiteElo "2349"]
[BlackElo "2701"]
[TimeControl "180+1"]
[EndTime "13:05:29 PST"]
[Termination "vlad_Sid won by checkmate"]

1. c4 g6 2. g3 c5 3. Bg2 Bg7 4.
Nc3 Nc6 5. a3 e6 6. Rb1 d6 7. e3 Nge7 8. Nge2 a5 9. O-O O-O 10. d3 b6 11. Bd2 Bb7 12. Nb5 Qd7 13. b4 axb4 14. axb4 cxb4 15. Bxb4 Nxb4 16. Rxb4 Bxg2 17.
Kxg2 d5 18. cxd5 Nxd5 19. Rb1 Rfd8 20. d4 e5 21. e4 Nf6 22. dxe5 Nxe4 23. f3 Nd2 24. f4 Qc6+ 25. Kh3 Nxb1 26. Qxb1 Rd2 27. Nbd4 Rxd4 28. Nxd4 Qd7+ 29. Kg2 Qxd4 30. Rd1 Qc4 31. Rd6 Ra2+ 32. Kh3 Qe2 33. Rd8+ Bf8 34. Qb4 Qh5# 0-1

[Event "*** Titled Tuesday Blitz"]
[Site "Chess.com"]
[Date "2020.03.03"]
[Round "1"]
[White "Galiev_Azat"]
[Black "praveenb2002"]
[Result "0-1"]
[WhiteElo "2267"]
[BlackElo "2639"]
[TimeControl "180+1"]
[EndTime "13:05:32 PST"]
[Termination "praveenb2002 won on time"]

1. d4 Nf6 2. c4 e6 3. g3 d5 4. Bg2 Be7 5. Nf3 O-O 6. O-O dxc4 7. Qc2 b5 8. a4 b4 9. Nbd2 Bb7 10. Nxc4 Be4 11. Qb3 c5 12. Bg5 Nbd7 13. Rfd1 Qc7 14. Rac1 Bd5 15. Nfe5 Bxg2 16. Kxg2 cxd4 17. Nxd7 Qxd7 18.
Ne5 Qb7+ 19. f3 h6 20. Bxf6 Bxf6 21. Nc6 Rfc8 22. Qxb4 Qd7 23. Nxd4 Rxc1 24. Rxc1 Qxd4 25. Qxd4 Bxd4 26. b4 a6 27. Rc6 Rb8 0-1

[Event "*** Titled Tuesday Blitz"]
[Site "Chess.com"]
[Date "2020.03.03"]
[Round "1"]
[White "Shant_Sargsyan"]
[Black "matiss90"]
[Result "1-0"]
[WhiteElo "2996"]
[BlackElo "2513"]
[TimeControl "180+1"]
[EndTime "13:05:33 PST"]
[Termination "Shant_Sargsyan won by resignation"]

1. d4 Nf6 2. Bg5 e6 3. Nf3 c5 4.
e3 cxd4 5. exd4 h6 6. Bh4 Nc6 7. Nbd2 Be7 8. Bd3 O-O 9. Qe2 d6 10. O-O Bd7 11. c3 Rc8 12. Rfe1 Re8 13. Rac1 a6 14.
Bb1 Bf8 15. Qd3 g6 16. Ne4 Be7 17. Bxf6 Bxf6 18. Nxd6 Bg7 19. Re3 Ne7 20. Nxe8 Bxe8 21.
Ne5 Nf5 22. Ree1 Bb5 23. Qf3 b6 24. Bxf5 exf5 25. Nd3 Bc6 26. Qe2 Qd5 27. f3 Qxa2 28. Nb4 Qa4 29. Nxc6 Qxc6 30. Qxa6 Kh7 31. Qd3 b5 32.
Re7 Qd5 33. Rce1 b4 34. Qa6 Rc6 35. Qb7 bxc3 36. bxc3 1-0

[Event "*** Titled Tuesday Blitz"]
[Site "Chess.com"]
[Date "2020.03.03"]
[Round "1"]
[White "SantoBlue"]
[Black "GCamachoMartinez"]
[Result "1-0"]
[WhiteElo "2749"]
[BlackElo "2390"]
[TimeControl "180+1"]
[EndTime "13:05:33 PST"]
[Termination "SantoBlue won by resignation"]

1. Nf3 Nf6 2. g3 d5 3. Bg2 c6 4.
O-O Nbd7 5. b3 e5 6. Bb2 Bd6 7. d3 Qe7 8. Nbd2 Ba3 9. Qc1 Bxb2 10. Qxb2 O-O 11. e4 Re8 12. Rae1 Qd6 13. d4 exd4 14. Qxd4 c5 15. Qd3 d4 16. e5 Nxe5 17. Nxe5 Rxe5 18.
Nc4 Rxe1 19. Nxd6 Rxf1+ 20. Qxf1 1-0

[Event "*** Titled Tuesday Blitz"]
[Site "Chess.com"]
[Date "2020.03.03"]
[Round "1"]
[White "marianokar"]
[Black "rogapa"]
[Result "0-1"]
[WhiteElo "2378"]
[BlackElo "2727"]
[TimeControl "180+1"]
[EndTime "13:05:33 PST"]
[Termination "rogapa won by resignation"]

1. Nf3 d5 2. g3 e6 3. Bg2 Nf6 4. O-O Be7 5. c4 O-O 6. d4 dxc4 7. Qc2 c6 8. Qxc4 b5 9. Qb3 Bb7 10. Rd1 Nbd7 11. Nc3 a6 12. Ne5 Nxe5 13. dxe5 Nd7 14. Ne4 Qc7 15. Nd6 Nxe5 16. Nxb7 Qxb7 17. Bf4 Ng6 18.
Qf3 Nxf4 19. gxf4 Bf6 20. Rd2 Qc7 21. Rc1 c5 22. Qxa8 Rxa8 23. Bxa8 Qxf4 24. e3 Qg5+ 25. Kh1 g6 26. f4 Qf5 27. b3 Kg7 28. Rd7 Qh3 29.
Re1 Bc3 30. Bg2 Qf5 31. Red1 Qc2 32. Rb7 Qxd1+ 0-1